 Dungeon Crawl Stone Soup version 0.27.1 (webtiles) character file.

Game seed: 12758406426807321238

9 Malachi the Chiller (level 2, 15/19 HPs)
             Began as a Demonspawn Ice Elementalist on Aug 25, 2021.
             Got out of the dungeon alive.
             The game lasted 00:00:56 (994 turns).

Malachi the Chiller (Demonspawn Ice Elementalist)    Turns: 994, Time: 00:00:57

Health: 15/19      AC:  2    Str:  8    XL:     2   Next: 6%
Magic:  5/5        EV: 11    Int: 16    God:
Gold:   8          SH:  4    Dex: 13    Spells: 4/5 levels left

rFire    + . .     SeeInvis .   d - +0 dagger
rCold    . . .     Faith    .   c - +1 buckler {rF+}
rNeg     . . .     Spirit   .   a - +0 robe
rPois    .         Reflect  .   (helmet restricted)
rElec    .         Harm     .   (no cloak)
rCorr    .         Rampage  .   (no gloves)
Will     .....                  (no boots)
Stlth    ++........             (no amulet)
HPRegen  0.06/turn              (no ring)
MPRegen  0.09/turn              (no ring)

@: no status effects
A: antennae 1
a: no special abilities


You escaped.
You visited 1 branch of the dungeon, and saw 1 of its levels.

You collected 8 gold pieces.

Inventory:

Hand Weapons
 d - a +0 dagger (weapon)
Armour
 a - a +0 robe (worn)
 c - a +1 buckler of fire resistance (worn)
Scrolls
 b - a scroll of identify {unknown}
 e - a scroll of teleportation {unknown}


   Skills:
 - Level 1.7 Dodging
 - Level 1.7 Stealth
 * Level 0.3 Shields
 - Level 2.0 Spellcasting
 + Level 4.0 Ice Magic


You had 4 spell levels left.
You knew the following spells:

 Your Spells              Type           Power      Damage    Failure   Level
a - Freeze                Ice            56%        1d7       6%          1

Your spell library contained the following spells:

 Spells                   Type           Power      Damage    Failure   Level
 Frozen Ramparts          Ice            28%        1d4       19%         3
 Ozocubu's Armour         Ice            14%        N/A       19%         3
 Ensorcelled Hibernation  Hex/Ice        16%        N/A       22%         2
 Spider Form              Tmut/Pois      0%         N/A       69%         3
 Hailstorm                Conj/Ice       8%         3d4       82%         4
 Ice Form                 Ice/Tmut       8%         N/A       82%         4
 Shadow Creatures         Summ           N/A        N/A       100%        6
 Simulacrum               Ice/Necr       4%         N/A       100%        6


Dungeon Overview and Level Annotations

Branches:
Dungeon (1/15)

Altars:


Innate Abilities, Weirdness & Mutations

You have a pair of small antennae on your head.


Message History

Magic restored.
You start resting.
HP restored.
You start waiting.
Done waiting.
You see here a hobgoblin skeleton.
Found a pair of gloves.
Found a hunting sling.
e - a scroll labelled JICEUG BOOGE You see here 13 stones.
You see here a +0 pair of gloves.
You see here a +0 hunting sling.
You sense a monster nearby.
A hobgoblin comes into view.
A hobgoblin is nearby!
A hobgoblin is nearby!
Aiming: Freeze (safe; 6% risk of failure)
Press: ? - help, Q - select action Shift-Dir - straight line, f - hobgoblin
Aim: a hobgoblin You freeze the hobgoblin.
The hobgoblin is lightly wounded.
The hobgoblin hits you.
Aiming: Freeze (safe; 6% risk of failure)
Press: ? - help, Q - select action Shift-Dir - straight line, f/p - hobgoblin
Aim: a hobgoblin (lightly wounded)
You freeze the hobgoblin.
The hobgoblin is almost dead.
The hobgoblin hits you.
Aiming: Freeze (safe; 6% risk of failure)
Press: ? - help, Q - select action Shift-Dir - straight line, f/p - hobgoblin
Aim: a hobgoblin (almost dead)
You freeze the hobgoblin.
You kill the hobgoblin!
Unknown command.
Found a stone staircase leading down.
Magic restored.
There is an open door here.
There is a staircase leading out of the dungeon here.
Are you sure you want to leave the Dungeon?
This will make you lose the game!
You have escaped!

......... . #######
#.#.....##. #..@..#
#.#........ #.###.#
#.#..8.8.#. #.....#
#.#..._.... ###.###
#....8.8... #'#
#.#......#.
#######.######..........
........................
.########.#######.##..#.
#.# #####..#.


There were no monsters in sight!

Vanquished Creatures
  An endoplasm (D:1)
  2 goblins (D:1)
  3 hobgoblins (D:1)
  A quokka (D:1)
7 creatures vanquished.

Notes
Turn   | Place    | Note
-------+----------+-------------------------------------------
     0 | D:1      | Malachi the Demonspawn Ice Elementalist began the quest for
                  | the Orb.
     0 | D:1      | Reached XP level 1. HP: 13/13 MP: 3/3
    14 | D:1      | Found a faded altar of an unknown god.
   655 | D:1      | Reached skill level 4 in Ice Magic
   655 | D:1      | Gained mutation: You have a pair of small antennae on your
                  | head. [demonic ancestry]
   655 | D:1      | Reached XP level 2. HP: 9/19 MP: 0/5
   994 | D:$      | Got out of the dungeon alive.

Illustrated notes

Levels and vault maps discovered:
D:1:      dpeg_arrival_renting, layout_basic, chequers_ecumenical_altar_simple,
          minmay_heptomino_w4

Skill      XL: |  1 |
---------------+----+-----
Ice Magic      | 4 |  4.0
Dodging        | |  1.7
Stealth        | |  1.7
Shields        | |  0.3
Spellcasting   | |  2.0

Action                   || total
-------------------------++-------
Melee: Dagger            ||     6
 Cast: Freeze            ||    13
Dodge: Dodged            ||     6
Block: Buckler           ||     3
